[Event "*** Titled Tuesday 3|2 Blitz"]
[Site "Chess.com"]
[Date "2014.12.30"]
[Round "3"]
[White "FairChess_on_YouTube"]
[Black "David_Klein"]
[Result "1-0"]
[WhiteElo "2711"]
[BlackElo "2369"]
[TimeControl "180+2"]
[EndTime "11:31:59 PST"]
[Termination "FairChess_on_YouTube won by resignation"]

1. e4 e6 2. d4 d5 3. Nc3 Bb4 4. exd5 exd5 5. Bd3 c6 6. Bf4 Ne7 7. Qh5 Bd6 8. Bg3 Bxg3 9. hxg3 Nd7 10. O-O-O Nf6 11. Qg5 Kf8 12. Re1 h6 13. Qd2 Nf5 14.
Nge2 Bd7 15. f3 Qc7 16. g4 Nd6 17. g5 Ng8 18. Qf4 Ne8 19. Qh4 a5 20. Nf4 a4 21.
a3 b5 22. Qg3 Qd6 23. Ng6+ Qxg6 24. Bxg6 fxg6 25. Qf4+ Bf5 26. g4 hxg5 27. Rxe8+ Rxe8 28. Qd6+ Kf7 29. Rxh8 1-0

[Event "*** Titled Tuesday 3|2 Blitz"]
[Site "Chess.com"]
[Date "2014.12.30"]
[Round "3"]
[White "DanielRensch"]
[Black "ItalianMachine"]
[Result "1-0"]
[WhiteElo "2349"]
[BlackElo "2166"]
[TimeControl "180+2"]
[EndTime "11:32:33 PST"]
[Termination "DanielRensch won by resignation"]

1. d4 Nf6 2. Nc3 d5 3. Bf4 e6 4. e3 c5 5. Nf3 Nc6 6. Bd3 Be7 7.
O-O O-O 8. a3 h6 9. dxc5 Bxc5 10.
e4 dxe4 11. Nxe4 Be7 12. Qe2 Qb6 13. Nxf6+ Bxf6 14. Qe4 g6 15. Bxh6 Rd8 16. h4 e5 17.
h5 Bf5 18. Qe2 e4 19. Bxe4 Re8 20. Nd2 Qxb2 21. hxg6 Nd4 22. gxf7+ Kxf7 23. Qh5+ 1-0

[Event "*** Titled Tuesday 3|2 Blitz"]
[Site "Chess.com"]
[Date "2014.12.30"]
[Round "3"]
[White "rhungaski"]
[Black "FlySooHigh"]
[Result "1-0"]
[WhiteElo "2405"]
[BlackElo "2357"]
[TimeControl "180+2"]
[EndTime "11:32:47 PST"]
[Termination "rhungaski won by resignation"]

1. e4 d5 2. exd5 Nf6 3. d4 Nxd5 4. c4 Nb6 5. Nf3 g6 6. c5 Nd5 7. Nc3 Bg7 8. Bc4 c6 9. O-O Be6 10. Qb3 Nxc3 11. bxc3 Bxc4 12. Qxc4 O-O 13. Re1 Nd7 14.
Bg5 Re8 15. Rab1 b6 16. cxb6 axb6 17. a4 Rc8 18. Re2 c5 19. d5 Nf6 20. Rd1 e6 21.
d6 Rc6 22. Qb5 Qd7 23. Ne5 Rxd6 24. Qxd7 Nxd7 25. Rxd6 Nxe5 26. Rxb6 Ra8 27. Ra2 h6 28. Bf4 Nd3 29. Rb8+ Rxb8 30. Bxb8 c4 31. a5 1-0

[Event "*** Titled Tuesday 3|2 Blitz"]
[Site "Chess.com"]
[Date "2014.12.30"]
[Round "3"]
[White "ameet100"]
[Black "Philofive"]
[Result "1-0"]
[WhiteElo "2404"]
[BlackElo "2269"]
[TimeControl "180+2"]
[EndTime "11:32:56 PST"]
[Termination "ameet100 won by resignation"]

1. Nf3 Nf6 2. g3 g6 3. Bg2 Bg7 4. O-O O-O 5. d4 d6 6. c4 Nc6 7. Nc3 a6 8. h3 Bd7 9. e4 e5 10.
dxe5 dxe5 11. Be3 Qc8 12. Kh2 Be6 13. Qe2 Rd8 14. Rfd1 Rxd1 15. Rxd1 Qe8 16. Nd5 Rc8 17. Bg5 Nd7 18. h4 Nd4 19. Nxd4 exd4 20. h5 c6 21. Ne7+ Kf8 22. Nxc8 Qxc8 23. hxg6 hxg6 24. f4 b5 25. cxb5 axb5 26. e5 c5 27. Qxb5 Bxa2 28. Ra1 1-0

[Event "*** Titled Tuesday 3|2 Blitz"]
[Site "Chess.com"]
[Date "2014.12.30"]
[Round "3"]
[White "Imre91"]
[Black "jasrom"]
[Result "1-0"]
[WhiteElo "2539"]
[BlackElo "2207"]
[TimeControl "180+2"]
[EndTime "11:32:57 PST"]
[Termination "Imre91 won on time"]

1. d4 d5 2. Nf3 e6 3. c4 c6 4. g3 Nf6 5. Bg2 Bb4+ 6. Bd2 a5 7. O-O O-O 8. Bg5 h6 9. Bxf6 Qxf6 10. c5 a4 11. a3 Ba5 12. Qxa4 b5 13. cxb6 Bb7 14. Qb3 Ra6 15. Nc3 Rxb6 16. Qc2 Ra6 17. Na4 Nd7 18. Rfc1 Rfa8 19. Nc3 e5 20. dxe5 Nxe5 21. Nxe5 Qxe5 22.
e3 Bd8 23. Ne2 Be7 24. Nd4 c5 25. Nf3 Qh5 26. Nd2 Rb6 27. Rab1 c4 28. Qd1 Qe5 29.
Nf3 Qf6 30. Nd4 Bc5 31. Ne2 Bc6 32. b3 Bxa3 33. bxc4 Rxb1 34. Rxb1 dxc4 35. Bxc6 Qxc6 36.
Nd4 Qe4 37. Qc2 Qd5 38. Ra1 1-0

[Event "*** Titled Tuesday 3|2 Blitz"]
[Site "Chess.com"]
[Date "2014.12.30"]
[Round "3"]
[White "crisfoisor"]
[Black "PauloCesarCosta"]
[Result "1-0"]
[WhiteElo "2100"]
[BlackElo "2077"]
[TimeControl "180+2"]
[EndTime "11:33:14 PST"]
[Termination "crisfoisor won on time"]

1. c4 c5 2. g3 g6 3. Bg2 Bg7 4.
Nc3 Nc6 5. d3 Nf6 6. e4 d6 7. Nge2 O-O 8. h3 Bd7 9. O-O a6 10. a3 Rb8 11. Rb1 b5 12. cxb5 axb5 13. b4 cxb4 14. axb4 Ne8 15. d4 e5 16. d5 Ne7 17.
Be3 f5 18. Qd2 Nf6 19. Bg5 fxe4 20. Bxf6 Bxf6 21. Nxe4 Qb6 22. N2c3 Bg7 23. Qe3 Qxe3 24. fxe3 Nf5 25. Rbe1 Rb6 26. g4 Nh4 27. Rxf8+ Kxf8 28. Ra1 Nxg2 29. Kxg2 Ke7 30. Ra7 h6 31. Kf3 Bf8 32.
h4 Bg7 33. g5 h5 34. Ke2 Kd8 35.
Nf6 Bg4+ 36. Nxg4 1-0

[Event "*** Titled Tuesday 3|2 Blitz"]
[Site "Chess.com"]
[Date "2014.12.30"]
[Round "3"]
[White "DanielNaroditsky"]
[Black "Bigc08"]
[Result "1-0"]
[WhiteElo "2487"]
[BlackElo "2019"]
[TimeControl "180+2"]
[EndTime "11:33:17 PST"]
[Termination "DanielNaroditsky won by checkmate"]

1. Nf3 Nf6 2. c4 e6 3. g3 d5 4. Bg2 Bd6 5. O-O O-O 6. d4 c5 7.
dxc5 Bxc5 8. Qc2 Qc7 9. Bf4 Bd6 10. Bxd6 Qxd6 11. cxd5 exd5 12. Nc3 Nc6 13. Nb5 Qe7 14. Nbd4 Nxd4 15. Nxd4 Be6 16. Rac1 Rac8 17. Qd3 Qb4 18. Nb3 Rc4 19. Qd2 Qb6 20. Qa5 Qxa5 21. Nxa5 Ra4 22.
Nxb7 Rxa2 23. Nc5 Rxb2 24. e3 g6 25. Ra1 Ra8 26. Ra6 Rb6 27. Rfa1 Rab8 28. h3 Rb1+ 29. Rxb1 Rxb1+ 30. Kh2 Rb6 31. Rxa7 Kg7 32. g4 Rd6 33. Kg3 Nd7 34. Nb3 Ne5 35. Nd4 Kf6 36. f4 Nc4 37. g5+ Kg7 38. Nxe6+ Rxe6 39. Bxd5 Rxe3+ 40. Kf2 Rc3 41. Rxf7+ Kh8 42. Rf8+ Kg7 43. Rg8# 1-0

[Event "*** Titled Tuesday 3|2 Blitz"]
[Site "Chess.com"]
[Date "2014.12.30"]
[Round "3"]
[White "GM_Barcenilla"]
[Black "bugsbunny444"]
[Result "1-0"]
[WhiteElo "2572"]
[BlackElo "2230"]
[TimeControl "180+2"]
[EndTime "11:33:33 PST"]
[Termination "GM_Barcenilla won by resignation"]

1. e4 e6 2. c4 d5 3. cxd5 exd5 4.
e5 c5 5. f4 Nc6 6. Nf3 Bg4 7.
Bb5 Ne7 8. Nc3 a6 9. Be2 d4 10.
Ne4 Nd5 11. d3 Be7 12. Nxd4 Bxe2 13. Nxe2 Ndb4 14. Nf2 O-O 15. O-O Qd7 16. a3 Nd5 17. Ne4 Rad8 18. Rf3 f6 19. exf6 Nxf6 20. Qb3+ Qd5 21.
Qxd5+ Rxd5 22. Nf2 Rfd8 23. Be3 Na5 24. Re1 b5 25. g4 h6 26. h4 c4 27. Bb6 cxd3 28. Nc3 Bc5 29. Nxd5 Rxd5 30. Bxc5 Rxc5 31. Nxd3 Rc2 32.
g5 Ng4 33. g6 Nf6 34. Rfe3 Kf8 35. Ne5 Rd2 36. Ng4 1-0

[Event "*** Titled Tuesday 3|2 Blitz"]
[Site "Chess.com"]
[Date "2014.12.30"]
[Round "3"]
[White "Dr-Bassem"]
[Black "VSERGUEI"]
[Result "0-1"]
[WhiteElo "2354"]
[BlackElo "2278"]
[TimeControl "180+2"]
[EndTime "11:33:41 PST"]
[Termination "VSERGUEI won on time"]

1. e4 e6 2. d3 d5 3. Nd2 Nf6 4. Ngf3 b6 5. g3 dxe4 6. dxe4 Bb7 7. Qe2 Nc6 8. c3 a5 9. Bg2 Ba6 10. Nc4 Bc5 11. O-O h6 12. e5 Nd5 13. a4 Qe7 14. Rd1 O-O 15. Qe4 Rfd8 16. Bf1 Rd7 17. Bd3 f5 18. exf6 Qxf6 19. Kg2 Rad8 20. Qh7+ Kf8 21. Re1 Nxc3 22. Bf1 Bb7 23. bxc3 Nd4 24. Bf4 Nxf3 25. Re4 Qf5 26. Qxf5+ exf5 27. Re3 Nd2+ 0-1

[Event "*** Titled Tuesday 3|2 Blitz"]
[Site "Chess.com"]
[Date "2014.12.30"]
[Round "3"]
[White "162a54f5d"]
[Black "BeerLag"]
[Result "1-0"]
[WhiteElo "2314"]
[BlackElo "2151"]
[TimeControl "180+2"]
[EndTime "11:33:46 PST"]
[Termination "162a54f5d won by resignation"]

1. d4 Nf6 2. c4 g6 3. g3 Bg7 4. Bg2 O-O 5. Nc3 d6 6. Nf3 Nbd7 7. O-O e5 8. e4 c6 9. h3 Re8 10. Be3 Qc7 11. Qc2 Nf8 12. Rad1 Nh5 13. c5 dxc5 14. dxc5 Ne6 15. b4 b6 16. cxb6 axb6 17.
b5 Bb7 18. Qb2 c5 19. Nd2 Nd4 20. Nc4 f5 21. Nd5 Bxd5 22. exd5 e4 23. Bxd4 Bxd4 24. Rxd4 cxd4 25. Qxd4 Ra4 26. Rc1 Rc8 27. Bf1 Nxg3 28. d6 Qc5 29. Qxc5 Rxc5 30. d7 Rd5 31. Nxb6 Rxd7 32.
Nxd7 Nxf1 33. Kxf1 Rxa2 1-0

[Event "*** Titled Tuesday 3|2 Blitz"]
[Site "Chess.com"]
[Date "2014.12.30"]
[Round "3"]
[White "AlmirDzhumaev"]
[Black "vinceyoung15"]
[Result "0-1"]
[WhiteElo "2069"]
[BlackElo "1987"]
[TimeControl "180+2"]
[EndTime "11:33:58 PST"]
[Termination "vinceyoung15 won by checkmate"]

1. e4 c5 2. Nc3 Nc6 3. g3 g6 4. Bg2 Bg7 5. d3 d6 6. Be3 e6 7. Qd2 Nd4 8. Nd1 Ne7 9. c3 Ndc6 10.
Bh6 O-O 11. h4 f5 12. h5 Rf7 13. hxg6 Nxg6 14. f4 Bxh6 15. Rxh6 Kg7 16. Rh5 e5 17. fxe5 Ncxe5 18. d4 Ng4 19. Ne3 f4 20. Nf5+ Bxf5 21. exf5 Qe7+ 22. Ne2 Ne3 23. Bh3 f3 24. Qd3 fxe2 25.
Rxh7+ Kxh7 26. fxg6+ Kg7 27. gxf7 Rh8 28. f8=Q+ Kxf8 29. Bg2 Nxg2+ 30. Kd2 e1=Q+ 31. Rxe1 Qxe1+ 32. Kc2 Ne3+ 33. Kb3 c4+ 34. Qxc4 Nxc4 35. Kxc4 Ke7 36. g4 Kd7 37. g5 Kc6 38. g6 d5+ 39. Kb3 Qd1+ 40. Kb4 Qd3 41. g7 Rg8 42. b3 Rxg7 43. a4 Rg3 44. c4 Qxd4 45. a5 Qc5+ 46. Ka4 dxc4 47.
b4 Qb5# 0-1

[Event "*** Titled Tuesday 3|2 Blitz"]
[Site "Chess.com"]
[Date "2014.12.30"]
[Round "3"]
[White "davopetr"]
[Black "Tilicheev_Viacheslav"]
[Result "1-0"]
[WhiteElo "2564"]
[BlackElo "2383"]
[TimeControl "180+2"]
[EndTime "11:34:09 PST"]
[Termination "davopetr won by resignation"]

1. e4 c5 2. d3 g6 3. f4 Bg7 4.
Nf3 Nc6 5. g3 e6 6. Bg2 Nge7 7.
O-O O-O 8. c3 d6 9. Be3 b5 10.
d4 cxd4 11. cxd4 Bb7 12. Bf2 Rc8 13. Nbd2 Qd7 14. Rc1 a5 15. Qe2 b4 16. b3 Nb8 17.
Nc4 Ba6 18. Qd2 Qd8 19. e5 dxe5 20. dxe5 Bxc4 21. bxc4 Qxd2 22. Nxd2 Rfd8 23. Ne4 Nf5 24. Rfd1 Bf8 25. c5 Ne7 26. Nd6 Rc7 27. c6 Nexc6 28. Bb6 Rdd7 29. Bxc7 Rxc7 30. Rc5 a4 31. Rdc1 b3 32.
axb3 axb3 33. Rb5 f6 34. Rxb8 fxe5 35. Rxc6 1-0

[Event "*** Titled Tuesday 3|2 Blitz"]
[Site "Chess.com"]
[Date "2014.12.30"]
[Round "3"]
[White "liczner"]
[Black "megarompa"]
[Result "0-1"]
[WhiteElo "2385"]
[BlackElo "2408"]
[TimeControl "180+2"]
[EndTime "11:34:18 PST"]
[Termination "megarompa won on time"]

1. e4 e5 2. Nf3 Nc6 3. Bb5 g6 4. O-O Bg7 5. c3 d6 6. d4 Bd7 7. d5 Nb8 8. c4 Ne7 9. Nc3 O-O 10. Bxd7 Nxd7 11. b4 a5 12. Ba3 b6 13.
bxa5 Rxa5 14. Bb4 Ra8 15. a4 h6 16. Nd2 f5 17. Nb3 fxe4 18. Nxe4 Nc5 19. Nbxc5 bxc5 20. Bc3 Nf5 21. a5 Nd4 22. Kh1 Qd7 23. f3 Rfb8 24. Rb1 Rf8 25. Rb7 Qc8 26. Qb1 g5 27. Qb2 g4 28. Bxd4 exd4 29. Qb5 gxf3 30. gxf3 Qh3 31. Ng3 Be5 32. Rg1 Kh8 33. Rxc7 Bxg3 34. Rxg3 Qf1+ 35. Rg1 Qxf3+ 36. Rg2 Qd1+ 37. Rg1 Qd3 38. Re7 Rab8 39. Qd7 Qf3+ 40. Rg2 Rb1+ 0-1

[Event "*** Titled Tuesday 3|2 Blitz"]
[Site "Chess.com"]
[Date "2014.12.30"]
[Round "3"]
[White "LittlePeasant"]
[Black "UnPolarizing"]
[Result "1/2-1/2"]
[WhiteElo "2405"]
[BlackElo "2226"]
[TimeControl "180+2"]
[EndTime "11:34:33 PST"]
[Termination "Game drawn by repetition"]

1. d4 Nf6 2. Nf3 d5 3. c4 c6 4.
Qb3 dxc4 5. Qxc4 Bf5 6. g3 Nbd7 7. Bg2 e6 8. O-O Bd6 9. e3 O-O 10. Rd1 Nb6 11. Qe2 Nfd7 12. e4 Bg6 13. Nh4 Qe7 14.
Nxg6 hxg6 15. e5 Bc7 16. Nc3 Rac8 17. Ne4 f5 18. Ng5 Nd5 19. h4 Rfd8 20. Bd2 Bb6 21. Be1 c5 22. dxc5 Nxc5 23. Rac1 Rc6 24. b4 Nd7 25.
Rxc6 bxc6 26. b5 Nb8 27. a4 Qe8 28. Qc4 Kh8 29. Kh2 Rc8 30. Qb3 cxb5 31. axb5 Nd7 32. f4 Nc5 33. Qa2 Qxb5 34. Nxe6 Ne3 35. Rb1 Qd3 36. Nxc5 Rxc5 37. Rb3 Rc2 38. Rxd3 Rxa2 39. Rd2 Ng4+ 40. Kh3 Nf2+ 41. Kh2 Ng4+ 42. Kh3 Nf2+ 43.
Kh2 Ng4+ 1/2-1/2

[Event "*** Titled Tuesday 3|2 Blitz"]
[Site "Chess.com"]
[Date "2014.12.30"]
[Round "3"]
[White "oggy1984"]
[Black "ecwinslow"]
[Result "1-0"]
[WhiteElo "2148"]
[BlackElo "1986"]
[TimeControl "180+2"]
[EndTime "11:34:34 PST"]
[Termination "oggy1984 won on time"]

1. e4 c5 2. Nf3 d6 3. d4 cxd4 4.
Nxd4 Nf6 5. Nc3 a6 6. Bc4 e6 7. O-O b5 8. Bb3 Be7 9. f4 Bb7 10. f5 e5 11. Nf3 Nbd7 12. Re1 Ng4 13. Qe2 Qb6+ 14. Kf1 h5 15. Nd5 Bxd5 16. Bxd5 Rc8 17. h3 Ndf6 18. hxg4 hxg4 19. Ng1 Nxd5 20. exd5 Rh1 21. Be3 Qc7 22. c3 Bh4 23. Red1 Qe7 24.
Qxg4 Qf6 25. Ke2 Rc4 26. Qh5 g6 27. fxg6 fxg6 28. Qh7 Rh2 29. Qg8+ Ke7 30. Qe6+ Qxe6 31. dxe6 Rxg2+ 32. Kf3 Rxb2 33. Ne2 Kxe6 34. Rg1 1-0

[Event "*** Titled Tuesday 3|2 Blitz"]
[Site "Chess.com"]
[Date "2014.12.30"]
[Round "3"]
[White "lexiel"]
[Black "steinitz_attack"]
[Result "1-0"]
[WhiteElo "1859"]
[BlackElo "1762"]
[TimeControl "180+2"]
[EndTime "11:34:43 PST"]
[Termination "lexiel won by checkmate"]

1. e4 d6 2. d4 Nf6 3. Nc3 g6 4.
f4 Bg7 5. Nf3 O-O 6. Be2 Na6 7.
O-O c5 8. d5 Nc7 9. a4 Bg4 10. h3 Bxf3 11. Bxf3 Nd7 12. Re1 a6 13.
a5 Nb5 14. Qd3 Nd4 15. Bd1 Qc7 16. Ne2 c4 17. Qg3 Nb5 18. c3 Nc5 19. Bc2 Nb3 20.
Bxb3 cxb3 21. Ra4 Rac8 22. h4 Qd7 23. Rb4 Qc7 24. h5 Qxa5 25. f5 Be5 26. Bf4 Kg7 27. Bxe5+ dxe5 28. Qxe5+ f6 29. Qxe7+ Rf7 30. Qe6 Qa2 31.
fxg6 hxg6 32. hxg6 Rfc7 33. Nf4 Qxb2 34. Nh5+ Kxg6 35.
Qxf6+ Kxh5 36. g4+ Kxg4 37. e5+ Rc4 38. Re4+ Kg3 39.
Qf4+ Kh3 40. Qh4# 1-0

[Event "*** Titled Tuesday 3|2 Blitz"]
[Site "Chess.com"]
[Date "2014.12.30"]
[Round "3"]
[White "MikePerelshteyn"]
[Black "exoticprincess"]
[Result "0-1"]
[WhiteElo "1954"]
[BlackElo "2620"]
[TimeControl "180+2"]
[EndTime "11:34:46 PST"]
[Termination "exoticprincess won by resignation"]

1. Nf3 Nf6 2. g3 b6 3. Bg2 Bb7 4.
O-O e6 5. c4 Be7 6. b3 O-O 7. Bb2 d6 8. d3 Nbd7 9. Nbd2 c5 10. e3 Qc7 11. Qe2 Rad8 12. Rac1 Qb8 13. Rfd1 Qa8 14. Ne1 Bxg2 15. Nxg2 d5 16. cxd5 exd5 17.
d4 Rfe8 18. Qf3 h6 19. Nh4 g6 20. Ng2 Rc8 21. Nf4 h5 22. h4 a5 23. a4 Ne4 24.
Nxe4 dxe4 25. Qe2 Bf6 26. Nxh5 gxh5 27. Qxh5 Bg7 28. dxc5 Ne5 29. Bxe5 Rxe5 30. Qg4 Rexc5 31. Rxc5 Rxc5 32. h5 Qc6 33. Rd8+ Kh7 34. Rd7 Qe6 35. Qxe6 fxe6 36. Rd6 b5 37. Rxe6 b4 38. g4 Rc3 39.
Rxe4 Rxb3 40. g5 Rc3 41. Re7 b3 42. Rb7 b2 43. h6 Rc1+ 44. Kg2 b1=Q 45. Rxb1 Rxb1 46.
hxg7 Rb4 47. f4 Rxa4 48. Kf3 Kxg7 49. f5 Rb4 50. e4 a4 51. Kf4 a3 0-1

[Event "*** Titled Tuesday 3|2 Blitz"]
[Site "Chess.com"]
[Date "2014.12.30"]
[Round "3"]
[White "IMRosen"]
[Black "kharposh"]
[Result "1-0"]
[WhiteElo "2037"]
[BlackElo "2004"]
[TimeControl "180+2"]
[EndTime "11:34:47 PST"]
[Termination "IMRosen won by checkmate"]

1. c4 e5 2. Nc3 Nf6 3. Nf3 Nc6 4.
a3 d6 5. d4 exd4 6. Nxd4 Be7 7.
g3 O-O 8. Bg2 Nxd4 9. Qxd4 Nd7 10. b4 Bf6 11. Qd2 Ne5 12. Qa2 Nd3+ 13. exd3 Bxc3+ 14. Kd1 Bg4+ 15. Kc2 Bxa1 16. Qxa1 Re8 17. Be3 c6 18.
Qd4 Bf5 19. g4 Bg6 20. h4 h6 21. Qc3 Qf6 22. Bd4 Re2+ 23. Kb3 Qf4 24. Bxg7 a5 25. bxa5 Rd2 26. Rh3 Bxd3 27. Bh8 Bc2+ 28. Kb4 c5+ 29. Kb5 Rd4 30. Bxd4 cxd4 31. Qxc2 Qe5+ 32. Bd5 Qe8+ 33. Kb4 Qe1+ 34. Kb3 Kf8 35. Ka2 Rxa5 36. Rb3 Kg7 37. Qb2 Qd1 38. Rxb7 Kg8 39. Bxf7+ Kf8 40. Bd5 Qa4 41.
Rf7+ Ke8 42. Qb8# 1-0

[Event "*** Titled Tuesday 3|2 Blitz"]
[Site "Chess.com"]
[Date "2014.12.30"]
[Round "3"]
[White "MattyDPerrine"]
[Black "SidArun"]
[Result "1-0"]
[WhiteElo "1981"]
[BlackElo "1813"]
[TimeControl "180+2"]
[EndTime "11:34:56 PST"]
[Termination "MattyDPerrine won by resignation"]

1. d4 Nf6 2. c4 c5 3. d5 e6 4. Nc3 exd5 5. cxd5 d6 6. Nf3 g6 7. Nd2 Bg7 8. e4 O-O 9. Be2 Nbd7 10. O-O a6 11. a4 Re8 12. f4 c4 13. Bxc4 Nc5 14.
Qf3 Ng4 15. Ndb1 Qh4 16. h3 Bd4+ 17. Kh1 Nf2+ 18. Kh2 Ncxe4 19. Nxe4 Nxe4 20. Nd2 Nxd2 21. Bxd2 Bxb2 22. Rab1 Bd4 23. g4 Qf6 24. f5 Be5+ 25.
Kh1 gxf5 26. Bd3 f4 27. Qe4 Qh4 28. Qg2 Kh8 29. Bxf4 Bxf4 30. Rxf4 Re1+ 31. Rf1 Rxb1 32. Rxb1 Bd7 33. Rxb7 Qe1+ 34. Qf1 Qxf1+ 35. Bxf1 Bxa4 36. Rxf7 Rb8 37. Bd3 Kg8 38. Ra7 Bb5 39. Bxh7+ Kh8 40. Bf5 Re8 41. Be6 Rf8 42. Kg2 Bf1+ 43. Kg3 Rb8 44. h4 Rb3+ 45. Kf4 Rb4+ 46. Kg5 Rb8 47. Kh6 1-0

[Event "*** Titled Tuesday 3|2 Blitz"]
[Site "Chess.com"]
[Date "2014.12.30"]
[Round "3"]
[White "LADIESGET2KNOWME"]
[Black "Houdinovic"]
[Result "1/2-1/2"]
[WhiteElo "2231"]
[BlackElo "2306"]
[TimeControl "180+2"]
[EndTime "11:34:57 PST"]
[Termination "Game drawn by agreement"]

1. d4 e6 2. Nf3 Nf6 3. g3 b5 4.
Bg2 Bb7 5. O-O Be7 6. Na3 b4 7. Nc4 a5 8. a3 O-O 9. axb4 axb4 10. Rxa8 Bxa8 11. c3 bxc3 12. bxc3 Qc8 13. Ba3 Bxa3 14. Nxa3 Qa6 15. Nc2 Be4 16. Ne3 Nc6 17. Nd2 Bxg2 18. Kxg2 Rb8 19. Nec4 d5 20. Ne3 Rb2 21. Re1 h6 22. Nf3 Ne4 23. c4 dxc4 24. d5 exd5 25. Qxd5 Nd6 26. Nf5 Nxf5 27. Qxf5 c3 28. Qe4 Kf8 29.
e3 Ne7 30. Rc1 Qa2 31. Rxc3 Rxf2+ 32. Kh3 g5 33. Rxc7 Qe6+ 34. Qxe6 fxe6 35. Nd4 e5 36.
Nc6 Nf5 37. Kg4 Nxe3+ 38. Kh5 Rxh2+ 39. Kg6 Ke8 40. Re7+ Kf8 41. Rd7 Ke8 42. Re7+ Kf8 43. Rf7+ Ke8 44. Re7+ Kf8 45. Rf7+ Ke8 1/2-1/2

[Event "*** Titled Tuesday 3|2 Blitz"]
[Site "Chess.com"]
[Date "2014.12.30"]
[Round "3"]
[White "jlandaw"]
[Black "chessmachined"]
[Result "1-0"]
[WhiteElo "2331"]
[BlackElo "2141"]
[TimeControl "180+2"]
[EndTime "11:34:59 PST"]
[Termination "jlandaw won by checkmate"]

1. e4 g6 2. Nc3 c6 3. g3 d5 4. Bg2 e6 5. d4 Bg7 6. Nge2 Ne7 7. O-O a6 8. a4 b6 9. b3 Bb7 10. Ba3 Nd7 11. a5 b5 12. f4 f5 13.
exd5 exd5 14. Nc1 c5 15. N3e2 b4 16. Bb2 O-O 17. Nd3 Qc7 18. Kh1 Rac8 19. Re1 Kh8 20.
Ng1 Nc6 21. Nf3 c4 22. bxc4 dxc4 23. Nde5 c3 24. Bc1 Ncxe5 25. fxe5 Rce8 26. Bf4 Qc4 27. Qe2 Qxe2 28. Rxe2 Be4 29. Ng5 Bxg2+ 30. Kxg2 h6 31. Nf3 g5 32. Be3 f4 33. gxf4 gxf4 34.
Bf2 Nb8 35. d5 Nd7 36. Rae1 Rg8 37. Kh3 Rb8 38. e6 Nf6 39. d6 Rb5 40. e7 Re8 41. Bh4 Rh5 42. Kg2 Nd7 43. Kh3 Bf6 44. Kg4 Bxh4 45. Kxh5 Bxe1 46. Rxe1 Kh7 47. Re6 Kg7 48.
Rxh6 Kf7 49. Ng5+ Kg8 50. Ne4 Kg7 51. Rg6+ Kf7 52. Ng5# 1-0

[Event "*** Titled Tuesday 3|2 Blitz"]
[Site "Chess.com"]
[Date "2014.12.30"]
[Round "3"]
[White "Sebastian"]
[Black "RitvarsReimanis"]
[Result "0-1"]
[WhiteElo "2536"]
[BlackElo "2305"]
[TimeControl "180+2"]
[EndTime "11:35:02 PST"]
[Termination "RitvarsReimanis won on time"]

1. e4 c5 2. c4 Nc6 3. Nc3 e5 4.
g3 g6 5. Bg2 Bg7 6. d3 d6 7. a3 Rb8 8. b4 b6 9. Nge2 f5 10.
exf5 Nd4 11. fxg6 hxg6 12. Nxd4 cxd4 13. Nd5 b5 14. cxb5 Rxb5 15. Qa4 Bd7 16. Qxa7 Rxd5 17. Bxd5 Qc8 18. Bd2 Qc2 19. Qa6 Nf6 20. Rc1 Qb2 21. Qxd6 Nxd5 22. Qxd5 Qxa3 23. O-O Qxd3 24. Rc7 Qf5 25.
Ra1 Bf6 26. Ra8+ Bd8 27. Bg5 Qb1+ 28. Rc1 Qxc1+ 29. Bxc1 Ke7 30. Rxd8 Rxd8 31. Bg5+ Ke8 0-1

[Event "*** Titled Tuesday 3|2 Blitz"]
[Site "Chess.com"]
[Date "2014.12.30"]
[Round "3"]
[White "bsmail"]
[Black "NMLuo"]
[Result "0-1"]
[WhiteElo "2143"]
[BlackElo "2096"]
[TimeControl "180+2"]
[EndTime "11:35:02 PST"]
[Termination "NMLuo won by checkmate"]

1. d4 Nf6 2. c4 c5 3. d5 e6 4. Nc3 exd5 5. cxd5 d6 6. Nf3 g6 7. Bf4 Bg7 8. e3 O-O 9. h3 h6 10. Be2 Re8 11. O-O a6 12. a4 Ne4 13.
Nxe4 Rxe4 14. Nd2 Rxf4 15. exf4 Bxb2 16. Rb1 Bg7 17. Nc4 b5 18. axb5 axb5 19. Rxb5 Ba6 20. Rb3 Qe7 21. Re3 Qf8 22. Qa4 Bb7 23. Qb5 Ba6 24.
Qb6 Bxc4 25. Bxc4 Nd7 26. Qb7 Qd8 27. Rfe1 Nf6 28. Re7 Rb8 29. Qc7 Qxc7 30. Rxc7 Rb4 31. Ba2 Rb2 32. Ra7 Nh5 33. g3 Bd4 34. Ra3 Bxf2+ 35.
Kf1 Nxg3+ 36. Kg2 Bxe1+ 37. Kf3 Nf5 38. Bc4 Rb4 39. Bd3 Nd4+ 40. Kg2 Rb2+ 41. Kf1 Bb4 42.
Ra8+ Kg7 43. f5 gxf5 44. Ra6 Rd2 45. Bc4 Rc2 46. Bd3 Rc3 47. Be2 Rc1+ 48. Kf2 Rc2 49. Rxd6 Rxe2+ 50. Kg3 Be1+ 51. Kf4 Re4# 0-1

[Event "*** Titled Tuesday 3|2 Blitz"]
[Site "Chess.com"]
[Date "2014.12.30"]
[Round "3"]
[White "MbMaster"]
[Black "esr44"]
[Result "0-1"]
[WhiteElo "2101"]
[BlackElo "2006"]
[TimeControl "180+2"]
[EndTime "11:35:06 PST"]
[Termination "esr44 won by checkmate"]

1. Nf3 d5 2. g3 Nf6 3. Bg2 Bg4 4.
O-O Nbd7 5. d3 c6 6. c4 e6 7.
cxd5 exd5 8. Nc3 Bc5 9. h3 Bxf3 10. Bxf3 O-O 11. Qb3 b5 12. Qc2 Re8 13. e4 Ne5 14.
Bg2 dxe4 15. dxe4 Qb6 16. a4 Rac8 17. Bg5 Nfd7 18. Rad1 h6 19. Bc1 a5 20. b3 Nf6 21.
Kh2 Rcd8 22. Rxd8 Rxd8 23. f4 Nd3 24. e5 Nb4 25. Qe2 Nfd5 26. Nxd5 Nxd5 27. axb5 cxb5 28. Rd1 Nc3 29. Rxd8+ Qxd8 30. Qf3 b4 31. f5 Qd4 32.
h4 Qxe5 33. Bf4 Qxf5 34. Qa8+ Kh7 35. Qc6 Bd4 36. Bh3 Qc2+ 37. Bg2 Bf6 38. Qc4 Qf5 39. Bh3 Qc2+ 40. Bg2 Qe2 41. Qxf7 Ne4 42. Qe8 Nxg3 43.
Qc8 Nf1+ 44. Kh1 Ne3 45. Qe8 Qxg2# 0-1

[Event "*** Titled Tuesday 3|2 Blitz"]
[Site "Chess.com"]
[Date "2014.12.30"]
[Round "3"]
[White "Carolina-moon"]
[Black "mortalbovine"]
[Result "0-1"]
[WhiteElo "1895"]
[BlackElo "1639"]
[TimeControl "180+2"]
[EndTime "11:35:11 PST"]
[Termination "mortalbovine won on time"]

1. e4 e5 2. Nf3 Nc6 3. Bb5 a6 4.
Bxc6 dxc6 5. O-O Qd6 6. Na3 Be6 7. Qe2 f6 8. c3 O-O-O 9. d4 Ne7 10. Rd1 Ng6 11.
Be3 Qe7 12. dxe5 Nxe5 13. Nd4 Qf7 14. Nxe6 Qxe6 15. Rxd8+ Kxd8 16. Rd1+ Kc8 17. Nc2 Bd6 18. Nd4 Qf7 19. Nf5 Rd8 20. f4 Ng6 21. Qf3 Qxa2 22. b4 Qf7 23. h4 Ne7 24. Nd4 Qc4 25. Bf2 Ng6 26. Bg3 c5 27. bxc5 Bxc5 28. h5 Ne7 29. f5 Bxd4+ 30. cxd4 Rxd4 31. Rxd4 Qxd4+ 32. Kh2 Nc6 33. Qg4 Qd7 34. h6 g6 35. Qf4 g5 36.
Qc1 b5 37. Qc5 Kb7 38. Bf2 b4 39. Bg3 b3 40. Qc4 Qd4 41. Qxb3+ Qb4 42. Qf7 Qb5 43. Qxc7+ Ka8 44. Qc8+ Nb8 45. Bxb8 Qxb8+ 46. Qxb8+ Kxb8 47. e5 Kc8 48. exf6 Kd8 0-1

[Event "*** Titled Tuesday 3|2 Blitz"]
[Site "Chess.com"]
[Date "2014.12.30"]
[Round "3"]
[White "A-Fier"]
[Black "VovAn1991"]
[Result "0-1"]
[WhiteElo "2504"]
[BlackElo "2427"]
[TimeControl "180+2"]
[EndTime "11:35:19 PST"]
[Termination "VovAn1991 won by checkmate"]

1. d4 Nf6 2. Bg5 Ne4 3. Bf4 c5 4. f3 Qa5+ 5. c3 Nf6 6. d5 d6 7.
e4 g6 8. Na3 Bg7 9. Nc4 Qd8 10.
a4 O-O 11. Bd3 Nbd7 12. Ne2 Nb6 13. O-O Nxc4 14. Bxc4 Nd7 15. Ng3 Ne5 16. Be2 Qc7 17. c4 e6 18. Qd2 exd5 19. cxd5 Re8 20. Be3 a6 21. f4 Nd7 22. f5 Ne5 23. f6 Bh8 24. h4 Bg4 25. Bxg4 Nxg4 26. Bg5 h6 27. Qf4 h5 28. Nh1 Re5 29. Nf2 Nxf2 30. Kxf2 Rae8 31. Rae1 Qb6 32. Re2 c4+ 33. Kg3 Qd4 34. Rfe1 b5 35. axb5 axb5 36. Qf3 b4 37. Re3 Qxb2 38.
Kh3 c3 39. Bf4 Bxf6 40. Bxe5 Bxe5 41. Rf1 Re7 42. Ree1 c2 43. Qf2 Qc3+ 44. g3 b3 45. Re3 Qc4 46. Rf3 c1=Q 47. Rxc1 Qxc1 48. Rxb3 Qc8+ 49. Kg2 Rb7 50. Rxb7 Qxb7 51. Kh3 Qc8+ 52. Kg2 Qc4 53. Qf3 Qc2+ 54. Kh3 Kg7 55. Qe3 Qc3 56. Qf2 Qd3 57. Qg2 Qe3 58. Kh2 f5 59. exf5 gxf5 60.
Kh1 Qxg3 61. Qf2 Qh3+ 62. Kg1 Qg4+ 63. Kh1 Kf6 64. Qe1 f4 65. Qf2 f3 66. Qg3 Bxg3 67.
Kg1 Qd4+ 68. Kh1 Qd1# 0-1